[Event "Team 45 45 League T39"]
[Site "Internet Chess Club"]
[Date "2008.11.17"]
[Round "4"]
[White "Elita499"]
[Black "sean98"]
[Result "1/2-1/2"]
[WhiteElo "1679"]
[BlackElo "1713"]
[Opening "Sicilian: closed"]
[ECO "B23"]
[Time "17:50:01"]
[TimeControl "2700+45"]

1. e4 c5 2. Nc3 e6 3. f4 a6 4. Nf3 d5 5. d3 Nc6 6. Be2 Be7 7. O-O h5 8. Qe1 Nf6
9. Qg3 Rg8 10. Bd2 dxe4 11. dxe4 Nd4 12. Bd3 Nxf3+ 13. Qxf3 Qc7 14. e5 Ng4 15.
h3 c4 16. Be4 Bc5+ 17. Kh1 Rh8 18. Qe2 Bd7 19. Qxc4 O-O-O 20. b4 Nf2+ 21. Kh2
Ng4+ 22. Kh1 Nf2+ 23. Kh2 Ng4+ 24. Kh1 Nf2+ {Game drawn by repetition} 1/2-1/2

[Event "Team 45 45 League T39"]
[Site "Internet Chess Club"]
[Date "2008.11.17"]
[Round "4"]
[White "kingphisch"]
[Black "OOB1"]
[Result "1-0"]
[WhiteElo "1497"]
[BlackElo "1474"]
[Opening "Sicilian: Grand Prix attack"]
[ECO "B23"]
[Time "21:09:40"]
[TimeControl "2700+45"]

1. e4 c5 2. Nc3 Nc6 3. f4 e5 4. f5 Nf6 5. Nf3 d5 6. exd5 Nxd5 7. Bc4 Nxc3 8.
bxc3 Bxf5 9. d3 Be7 10. O-O O-O 11. Qe2 Bf6 12. Ba3 b6 13. Bb5 Rc8 14. Rae1 Bg4
15. Qe4 Bxf3 16. Qxf3 Ne7 17. Bc4 Ng6 18. Re4 Rc7 19. Bc1 Bg5 20. Bxg5 Qxg5 21.
Rg4 Qd2 22. h4 h5 23. Rxg6 b5 24. Qf6 Qh6 25. Rxh6 gxh6 26. Qg6+ Kh8 27. Qxh6+
Kg8 28. Rf5 {Black resigns} 1-0

[Event "Team 45 45 League T39"]
[Site "Internet Chess Club"]
[Date "2008.11.18"]
[Round "4"]
[White "Fidelian"]
[Black "peterdiplaros"]
[Result "0-1"]
[WhiteElo "1268"]
[BlackElo "1437"]
[Opening "Sicilian: accelerated fianchetto, modern variation"]
[ECO "B34"]
[Time "21:29:48"]
[TimeControl "2700+45"]

1. e4 c5 2. Nc3 Nc6 3. Nf3 g6 4. d4 cxd4 5. Nxd4 Bg7 6. Nxc6 bxc6 7. Qd3 e6 8.
Be3 Ne7 9. O-O-O d5 10. Bd4 O-O 11. Bxg7 Kxg7 12. exd5 cxd5 13. g4 Qb6 14. Rd2
Bb7 15. Qd4+ Qxd4 16. Rxd4 Nc6 17. Rd2 Ne5 18. Be2 d4 19. Rhd1 dxc3 20. bxc3 Bd5
21. c4 Nxc4 22. Bxc4 Bxc4 23. a3 Rab8 24. Rd4 Ba2 25. Kd2 Rfd8 26. Rxd8 Rxd8+
27. Ke2 Bc4+ 28. Ke1 Rxd1+ 29. Kxd1 Kf6 30. Kd2 Kg5 31. f3 Kf4 32. Kc3 Bd5 33.
Kb4 Kxf3 34. a4 Kxg4 35. a5 f5 36. c3 f4 37. c4 Bxc4 38. Kxc4 f3 39. Kd3 f2 40.
Ke2 Kh3 41. Kxf2 Kxh2 42. Kf3 Kh3 43. Kf4 Kh4 44. Ke5 h5 45. Kxe6 g5 46. Ke5 g4
47. Ke4 Kg3 48. Kd5 h4 49. Kc6 h3 50. Kb7 h2 51. Kxa7 h1=Q 52. Kb6 Kf2 53. a6
Qa8 54. a7 g3 55. Ka6 g2 {White resigns} 0-1

[Event "Team 45 45 League T39"]
[Site "Internet Chess Club"]
[Date "2008.11.15"]
[Round "4"]
[White "az2112"]
[Black "Russellovich"]
[Result "0-1"]
[WhiteElo "1673"]
[BlackElo "1744"]
[Opening "Budapest: Rubinstein variation"]
[ECO "A52"]
[Time "14:01:01"]
[TimeControl "2700+45"]

1. d4 Nf6 2. c4 e5 3. dxe5 Ng4 4. Bf4 Bb4+ 5. Nc3 Nc6 6. Nf3 Qe7 7. Qd5 d6 8.
exd6 cxd6 9. Rd1 Be6 10. Qd3 Rd8 11. e3 Nce5 12. Bxe5 Nxe5 13. Nxe5 dxe5 14.
Qxd8+ Qxd8 15. Rxd8+ Kxd8 16. Kd2 Ke7 17. a3 Rd8+ 18. Kc2 Bxc3 19. Kxc3 Rd1 20.
Kc2 Re1 21. g4 Bxc4 22. Bg2 Re2+ 23. Kc3 Ba6 24. Bf1 Rxf2 25. Bxa6 bxa6 26. b3
Rg2 27. h3 Rg3 28. Kd3 g6 29. Ke4 Ke6 30. Rc1 f5+ 31. gxf5+ gxf5+ 32. Kd3 Kd6
33. h4 f4 34. Re1 Kd5 35. Kd2 fxe3+ 36. Rxe3 Rxe3 37. Kxe3 a5 38. Kd3 h5 39. Ke3
e4 40. b4 axb4 41. axb4 a6 {White resigns} 0-1

[Event "Team 45 45 League T39"]
[Site "Internet Chess Club"]
[Date "2008.11.14"]
[Round "4"]
[White "GolfSuper"]
[Black "Chess2Play"]
[Result "0-1"]
[WhiteElo "1584"]
[BlackElo "1645"]
[Opening "Sicilian defense"]
[ECO "B34"]
[Time "19:00:22"]
[TimeControl "2700+45"]

1. e4 c5 2. Nf3 Nc6 3. d4 cxd4 4. Nxd4 g6 5. Be3 Bg7 6. Qd2 d6 7. Nc3 Bd7 8.
O-O-O Qa5 9. Bc4 Rc8 10. Bb3 Ne5 11. f4 Nc4 12. Bxc4 Rxc4 13. Kb1 b5 14. e5 dxe5
15. Nb3 Qc7 16. fxe5 Bxe5 17. Nxb5 Bxb5 18. Rhf1 Nf6 19. Na5 Ra4 20. Nb3 Bxf1
{White resigns} 0-1

[Event "Team 45 45 League T39"]
[Site "Internet Chess Club"]
[Date "2008.11.14"]
[Round "4"]
[White "Manch"]
[Black "allanchs"]
[Result "0-1"]
[WhiteElo "1532"]
[BlackElo "1549"]
[Opening "Ruy Lopez: closed, Chigorin defense"]
[ECO "C97"]
[Time "14:00:25"]
[TimeControl "2700+45"]

1. e4 e5 2. Nf3 Nc6 3. Bb5 a6 4. Ba4 Nf6 5. O-O Be7 6. Re1 b5 7. Bb3 d6 8. c3
Na5 9. Bc2 c5 10. d4 Qc7 11. h3 O-O 12. d5 Ne8 13. b3 f5 14. Bg5 h6 15. Bxe7
Qxe7 16. exf5 Bxf5 17. Bxf5 Rxf5 18. Nbd2 Rf7 19. Ne4 Nf6 20. Qd2 Nb7 21. g3
Nxe4 22. Rxe4 Rxf3 23. Rg4 Kh8 24. Kg2 Raf8 25. Rf1 e4 26. Qe2 e3 27. Rf4 R3xf4
28. gxf4 Rxf4 29. fxe3 Qg5+ 30. Kh2 Rxf1 31. Qxf1 Qxd5 32. c4 Qe5+ 33. Kh1 bxc4
34. bxc4 Qf6 35. Qg2 Nd8 36. Qa8 Qe7 37. Qxa6 Qb7+ 38. Qxb7 Nxb7 39. Kg2 Na5 40.
Kf3 Nxc4 41. Ke4 Kg8 42. Kd5 Nxe3+ 43. Kxd6 c4 44. Ke5 c3 45. Kd4 c2 46. Kxe3
c1=Q+ {White resigns} 0-1

[Event "Team 45 45 League T39"]
[Site "Internet Chess Club"]
[Date "2008.11.13"]
[Round "4"]
[White "AngryPirate"]
[Black "sdcohle"]
[Result "1/2-1/2"]
[WhiteElo "1534"]
[BlackElo "1351"]
[Opening "KGD: classical variation"]
[ECO "C30"]
[Time "22:30:08"]
[TimeControl "2700+45"]

1. e4 e5 2. f4 Bc5 3. Nf3 d6 4. Bc4 Qe7 5. Nc3 c6 6. a3 Be6 7. Bxe6 Qxe6 8. f5
Qf6 9. d3 h6 10. Na4 Nd7 11. Nxc5 Nxc5 12. Be3 Nd7 13. Qd2 Qd8 14. Qb4 Qc7 15.
O-O Ngf6 16. h3 c5 17. Qb3 Nb6 18. Qb5+ Qd7 19. Qxd7+ Nbxd7 20. c4 a5 21. b4
axb4 22. axb4 O-O 23. bxc5 dxc5 24. Rfb1 b6 25. Bd2 Rfb8 26. Bc3 Rxa1 27. Rxa1
Re8 28. Ra7 g6 29. fxg6 fxg6 30. Nh4 g5 31. Nf5 Kh7 32. Nd6 Re6 33. Nf7 Kg6 34.
Nd8 Rd6 35. Bb2 Rxd3 36. Nc6 Re3 37. Nxe5+ Nxe5 38. Bxe5 Rxe4 39. Bc7 Rxc4 40.
Bxb6 Nd5 41. Bd8 g4 42. Ra6+ Kh5 43. hxg4+ Rxg4 44. Ra5 Rc4 45. Ra6 Rd4 46. Rd6
Nf4 47. Rxd4 cxd4 48. Bb6 Ne6 49. Kf2 Kg5 50. Ke2 Kg4 51. Kf2 h5 52. Ba5 h4 53.
Bd2 Nf4 54. Kf1 Kg3 55. Be1+ Kg4 56. Bf2 d3 57. Be1 Ne2 58. Kf2 Nf4 59. Kf1 Nd5
60. Kf2 Nf4 61. Kf1 {Game drawn by repetition} 1/2-1/2

[Event "Team 45 45 League T39"]
[Site "Internet Chess Club"]
[Date "2008.11.18"]
[Round "4"]
[White "Prop"]
[Black "Traho"]
[Result "1-0"]
[WhiteElo "1353"]
[BlackElo "1249"]
[Opening "Caro-Kann: advance variation"]
[ECO "B12"]
[Time "19:00:33"]
[TimeControl "2700+45"]

1. e4 c6 2. d4 d5 3. e5 Bf5 4. Bd3 Bxd3 5. Qxd3 e6 6. Ne2 h6 7. O-O c5 8. c3 c4
9. Qg3 Ne7 10. Nf4 Nf5 11. Qf3 Be7 12. b3 b5 13. a4 b4 14. bxc4 Nh4 15. Qd3 Nc6
16. cxd5 exd5 17. g3 Ng6 18. Nxg6 fxg6 19. Qxg6+ Kf8 20. Qxc6 bxc3 21. Nxc3 Rc8
22. Qxd5 Rxc3 23. Qxd8+ Bxd8 24. Ba3+ Kf7 25. Rfc1 Ba5 26. Rxc3 Bxc3 27. Rd1 Rc8
28. Rc1 Rc7 29. Bd6 Rc8 30. d5 a6 31. e6+ Kf6 32. e7 Kf7 33. f4 Ke8 34. Ba3 Bd4+
35. Kg2 Rxc1 36. Bxc1 Kxe7 37. Kf3 Kd6 38. Ke4 Bc5 39. h4 Bb4 40. f5 Be1 41.
Bf4+ Kd7 42. h5 Bb4 43. Be5 Bf8 44. g4 Be7 45. Bxg7 {Black resigns} 1-0

[Event "Team 45 45 League T39"]
[Site "Internet Chess Club"]
[Date "2008.11.16"]
[Round "4"]
[White "Kingangyal"]
[Black "Graybeard"]
[Result "1-0"]
[WhiteElo "1323"]
[BlackElo "1196"]
[Opening "Queen's pawn, Mason variation, Steinitz counter-gambit"]
[ECO "D00"]
[Time "18:01:58"]
[TimeControl "2700+45"]

1. d4 d5 2. Bf4 c5 3. c3 Nc6 4. e3 Bf5 5. Nf3 Nf6 6. h3 Ne4 7. Nbd2 e6 8. Nxe4
Bxe4 9. Bd3 Bd6 10. Bxd6 Qxd6 11. O-O c4 12. Bxe4 dxe4 13. Nd2 Qd5 14. b3 b5 15.
bxc4 bxc4 16. Qa4 O-O 17. Qxc4 Qxc4 18. Nxc4 Rfd8 19. Rfd1 h6 20. Rd2 g5 21. Rb1
Rab8 22. Rdb2 Rxb2 23. Rxb2 Rb8 24. Rxb8+ Nxb8 25. Nd2 f5 26. g4 Nd7 27. Kf1 Kf7
28. Ke1 Ke7 29. f3 Nb6 30. fxe4 fxe4 31. Nxe4 Nc4 32. Ke2 Nd6 33. Nxd6 Kxd6 34.
Kd3 Kc6 35. Kc4 a5 36. a4 Kb6 37. e4 Kc6 38. d5+ exd5+ 39. exd5+ Kd6 40. Kb5
Kxd5 41. c4+ Kd6 42. Kb6 Kd7 43. c5 Kc8 44. Kc6 Kd8 45. Kb7 {Black resigns} 1-0

[Event "Team 45 45 League T39"]
[Site "Internet Chess Club"]
[Date "2008.11.15"]
[Round "4"]
[White "jocooper"]
[Black "kingsrook"]
[Result "0-1"]
[WhiteElo "1187"]
[BlackElo "1228"]
[Opening "Queen's pawn game"]
[ECO "D04"]
[Time "20:00:07"]
[TimeControl "2700+45"]

1. d4 d5 2. Nf3 Nf6 3. e3 Bf5 4. Nbd2 e6 5. Bd3 Bxd3 6. cxd3 Be7 7. O-O O-O 8.
Re1 c5 9. dxc5 Bxc5 10. d4 Bb6 11. b3 Nc6 12. Ba3 Re8 13. Rc1 Rc8 14. b4 a6 15.
Qb3 Qc7 16. Bb2 Qd8 17. a3 Bc7 18. Qd3 b5 19. Nb3 Bb6 20. Nc5 Bxc5 21. Rxc5 Ne4
22. Rxc6 Rxc6 23. Ne5 Rc7 24. f3 Nf6 25. e4 Qa8 26. Bc1 Rec8 27. Bf4 Rc3 28. Qb1
Rxa3 29. exd5 Nxd5 30. Bc1 Rac3 31. Bb2 R3c7 32. Nd3 Rc4 33. Ba1 Qb8 34. Nc5
Rxb4 35. Qd1 Qa7 36. Nd3 Rbc4 37. Ne5 R4c7 38. Qd2 a5 39. g3 b4 40. Nd3 b3 41.
Nc5 a4 42. Bb2 Rb8 43. Ra1 Rb4 44. Ba3 Rc4 45. Bb2 Rc2 46. Qd1 Rxb2 47. Rxa4
Qxa4 48. Nxa4 Rbc2 49. Nc5 Ne3 50. Qd3 b2 51. Qb3 Rg2+ {White resigns} 0-1

[Event "Team 45 45 League T39"]
[Site "Internet Chess Club"]
[Date "2008.11.16"]
[Round "4"]
[White "Esslinger"]
[Black "WannaB"]
[Result "1-0"]
[WhiteElo "1240"]
[BlackElo "1116"]
[Opening "Nimzo-Indian: three knights variation"]
[ECO "E21"]
[Time "16:01:08"]
[TimeControl "2700+45"]

1. d4 Nf6 2. c4 e6 3. Nf3 Bb4+ 4. Nc3 O-O 5. Bg5 Bxc3+ 6. bxc3 d6 7. Qc2 Nbd7 8.
e4 e5 9. Rd1 c6 10. dxe5 dxe5 11. Nxe5 Qe8 12. Nxd7 Bxd7 13. Bd3 Qe5 14. f4 Qe8
15. O-O Ng4 16. f5 h6 17. Bf4 c5 18. h3 Ba4 19. Qd2 Bxd1 20. hxg4 Bxg4 21. Bd6
b6 22. Bxf8 Qxf8 23. Qf4 h5 24. Rf2 Rd8 25. Be2 Bxe2 26. Rxe2 Rd1+ 27. Kh2 Qd6
28. e5 Qd3 29. Re3 Qb1 30. e6 Rh1+ 31. Kg3 h4+ 32. Kg4 Qd1+ 33. Kg5 f6+ 34. Kg6
Qh5+ 35. Kxh5 a5 36. Kg6 Kf8 37. Qb8+ Ke7 38. Qc7+ Kf8 39. Qf7# {Black
checkmated} 1-0

[Event "Team 45 45 League T39"]
[Site "Internet Chess Club"]
[Date "2008.11.16"]
[Round "4"]
[White "jjaillet2007"]
[Black "carolinaknight"]
[Result "0-1"]
[WhiteElo "1267"]
[BlackElo "1217"]
[Opening "Nimzo-Indian: Leningrad variation"]
[ECO "E30"]
[Time "18:00:17"]
[TimeControl "2700+45"]

1. d4 e6 2. c4 Nf6 3. Bg5 Bb4+ 4. Nc3 c5 5. a3 Bxc3+ 6. bxc3 b6 7. e3 Bb7 8. Nf3
O-O 9. Bd3 h6 10. Bh4 d5 11. O-O Nbd7 12. Ne5 Qc7 13. f4 Ne4 14. Bxe4 dxe4 15.
Qg4 Ba6 16. Nxd7 Qxd7 17. f5 Bxc4 18. Rf2 Bd5 19. f6 g6 20. Qf4 Kh7 21. Bg3 Qb5
22. h4 Qb3 23. Qg4 Qxc3 24. Qd1 Qxe3 25. Kh2 cxd4 26. Re2 Qc3 27. Be1 Qc7+ 28.
Bg3 e5 29. Rc1 Qd6 30. h5 Qxf6 31. Rf2 Qg5 32. Kg1 Qxg3 33. hxg6+ fxg6 34. Rc7+
Kg8 35. Rxf8+ Rxf8 36. Qd2 e3 37. Qc2 Qf2+ 38. Qxf2 exf2+ 39. Kf1 {White
resigns} 0-1

[Event "Team 45 45 League T39"]
[Site "Internet Chess Club"]
[Date "2008.11.15"]
[Round "4"]
[White "PsyMar"]
[Black "joaoazm"]
[Result "1-0"]
[WhiteElo "1108"]
[BlackElo "1159"]
[Opening "Scotch opening"]
[ECO "C44"]
[Time "19:01:31"]
[TimeControl "2700+45"]

1. e4 e5 2. Nf3 Nc6 3. d4 d6 4. d5 Nd4 5. Nxd4 exd4 6. Qxd4 Qf6 7. Qa4+ Bd7 8.
Bb5 Qe7 9. O-O c6 10. dxc6 bxc6 11. Bxc6 Rc8 12. Bxd7+ Qxd7 13. Qxd7+ Kxd7 14.
Nc3 f6 15. Be3 a6 16. Nd5 Ne7 17. Nb6+ Kc7 18. Nxc8 Nxc8 19. Rad1 Be7 20. c4 Rd8
21. Rd4 Nb6 22. b3 Kc6 23. Rfd1 Nc8 24. h4 h6 25. h5 Kc7 26. Bf4 Kc6 27. a3 Rd7
28. b4 Kc7 29. c5 Kc6 30. cxd6 Bxd6 31. Rc1+ Kb5 32. Rxc8 Bxf4 33. Rxd7 {Black
resigns} 1-0

[Event "Team 45 45 League T39"]
[Site "Internet Chess Club"]
[Date "2008.11.17"]
[Round "4"]
[White "ars-felidae"]
[Black "WzeroMN"]
[Result "1/2-1/2"]
[WhiteElo "1222"]
[BlackElo "1078"]
[Opening "Giuoco Pianissimo: Italian four knights variation"]
[ECO "C55"]
[Time "14:30:27"]
[TimeControl "2700+45"]

1. e4 e5 2. Nf3 Nc6 3. Bc4 Nf6 4. d3 Bc5 5. Nc3 O-O 6. Bg5 Be7 7. Qd2 Nh5 8.
Bxe7 Qxe7 9. Nd5 Qd8 10. d4 d6 11. h3 Be6 12. Ne3 Bxc4 13. Nxc4 Nf6 14. dxe5
Nxe4 15. Qd3 d5 16. Ne3 d4 17. Qxe4 dxe3 18. Rd1 exf2+ 19. Kxf2 Qe7 20. Rhe1
Qc5+ 21. Kg3 Rad8 22. e6 Rxd1 23. Rxd1 Qe7 24. exf7+ Rxf7 25. Re1 Qxe4 26. Rxe4
Rf8 {Game drawn by mutual agreement} 1/2-1/2

[Event "Team 45 45 League T39"]
[Site "Internet Chess Club"]
[Date "2008.11.16"]
[Round "4"]
[White "rj115225"]
[Black "Daidalos"]
[Result "0-1"]
[WhiteElo "892"]
[BlackElo "1047"]
[Opening "Philidor's defense"]
[ECO "C41"]
[Time "12:00:10"]
[TimeControl "2700+45"]

1. e4 d6 2. Nf3 e5 3. d4 Nc6 4. dxe5 dxe5 5. Qxd8+ Kxd8 6. Nc3 Bd6 7. Nd5 f6 8.
Bb5 Bd7 9. O-O g5 10. Rd1 h5 11. Nxf6 Nxf6 12. Nxg5 Be8 13. Ne6+ Kd7 14. Bc4
Nxe4 15. Bb5 a6 16. Bxc6+ Kxc6 17. Be3 Bd7 18. b4 Bxe6 19. Bg5 b5 20. Bf6 Nxf6
21. Rd3 Bxb4 22. Rad1 Bd5 23. c3 Bc5 24. Re1 Bd6 25. Red1 Bc5 26. Rxd5 Nxd5 27.
Rc1 Nb6 28. Rd1 Nc4 29. Rd3 Rad8 30. Rf3 Rd1# {White checkmated} 0-1

[Event "Team 45 45 League T39"]
[Site "Internet Chess Club"]
[Date "2008.11.18"]
[Round "4"]
[White "PJ"]
[Black "cityprosecutor"]
[Result "1-0"]
[WhiteElo "1795"]
[BlackElo "1778"]
[Opening "Sicilian: closed"]
[ECO "B24"]
[Time "14:13:42"]
[TimeControl "2700+45"]

1. e4 c5 2. Nc3 Nc6 3. g3 d6 4. Bg2 Nf6 5. d3 e6 6. h3 d5 7. exd5 exd5 8. Bg5 d4
9. Nd5 Qa5+ 10. Bd2 Qd8 11. Bg5 Be7 12. Nxe7 Qxe7+ 13. Qe2 Qxe2+ 14. Nxe2 Nb4
15. Kd2 Nbd5 16. Nf4 h6 17. Nxd5 Nxd5 18. Rae1+ Kf8 19. Bxh6 Nb4 20. Bf4 Kg8 21.
Re8+ Kh7 22. Rxh8+ Kxh8 23. Bd6 Na6 24. Re1 Kg8 {Black resigns} 1-0

[Event "Team 45 45 League T39"]
[Site "Internet Chess Club"]
[Date "2008.11.15"]
[Round "4"]
[White "mongmong"]
[Black "AlterEgo"]
[Result "0-1"]
[WhiteElo "1672"]
[BlackElo "1452"]
[Opening "Colle system"]
[ECO "D05"]
[Time "16:00:17"]
[TimeControl "2700+45"]

1. d4 d5 2. Nf3 Nf6 3. e3 e6 4. Bd3 c5 5. c3 Nc6 6. Nbd2 Bd6 7. O-O O-O 8. Qe2
cxd4 9. cxd4 a6 10. a3 Bd7 11. b4 Na7 12. Nb3 Bb5 13. Bb2 Rc8 14. Nc5 Qe7 15.
Rfc1 Rc6 16. Rc2 Bxd3 17. Qxd3 b5 18. Rac1 Rfc8 19. Nb3 Rxc2 20. Rxc2 Rxc2 21.
Qxc2 Qc7 22. Qxc7 Bxc7 23. Nc5 a5 24. Na6 Bd8 25. Bc3 Ne4 26. Be1 a4 27. Ne5 Nd6
28. Bd2 f6 29. Nd7 Kf7 30. Kf1 Nc4 31. Bc1 Ke7 32. Ndc5 Nc6 33. Ke2 e5 34. dxe5
fxe5 35. Kd3 e4+ 36. Kc2 g5 37. Nb7 Bb6 38. Nac5 g4 39. Kd1 N6e5 40. Ke2 Kf6 41.
h3 gxh3 42. gxh3 Kf5 43. Na6 Nf3 44. Kf1 Nfd2+ 45. Ke2 Nb3 46. Kd1 Nxc1 47. Kxc1
Nxa3 48. Kb2 Nc4+ 49. Kc3 Ne5 50. Nd6+ Kg6 51. Nxb5 Kh5 52. Nd4 Nd3 53. Nc5 Bxc5
54. bxc5 Nxc5 55. Kb4 Nd3+ 56. Kxa4 Nxf2 57. Kb5 Nxh3 58. Kc5 Nf2 59. Kxd5 Kg4
60. Ke5 h5 61. Ne2 Kf3 62. Nf4 h4 63. Kf5 h3 64. Nxh3 Nxh3 {White resigns} 0-1

[Event "Team 45 45 League T39"]
[Site "Internet Chess Club"]
[Date "2008.11.15"]
[Round "4"]
[White "medsurg"]
[Black "ElMarginal"]
[Result "0-1"]
[WhiteElo "1443"]
[BlackElo "1417"]
[Opening "Scandinavian (center counter) defense"]
[ECO "B01"]
[Time "20:00:16"]
[TimeControl "2700+45"]

1. e4 d5 2. exd5 Qxd5 3. Nc3 Qa5 4. d4 c6 5. Bd3 Nf6 6. Ne2 e6 7. Ng3 Bb4 8. Bd2
Qd8 9. a3 Ba5 10. Nce2 Bc7 11. O-O Nbd7 12. c3 b5 13. Nf4 Bb7 14. Nfh5 Nxh5 15.
Nxh5 O-O 16. Qg4 g6 17. Bh6 f5 18. Qe2 gxh5 19. Qxe6+ Rf7 20. Bxf5 Nf8 21. Qe4
c5 22. Qc2 Qf6 23. Bxf8 Raxf8 {White resigns} 0-1

[Event "Team 45 45 League T39"]
[Site "Internet Chess Club"]
[Date "2008.11.15"]
[Round "4"]
[White "theartist"]
[Black "ticopatzer"]
[Result "0-1"]
[WhiteElo "1215"]
[BlackElo "1492"]
[Opening "QGD: Albin counter-gambit, 5.g3"]
[ECO "D09"]
[Time "12:30:44"]
[TimeControl "2700+45"]

1. d4 d5 2. c4 e5 3. dxe5 d4 4. Nf3 Nc6 5. g3 Bg4 6. Bg2 Qd7 7. O-O O-O-O 8. Qb3
f6 9. exf6 gxf6 10. Rd1 Bc5 11. Na3 Nge7 12. Qb5 Bb6 13. c5 a6 14. Qc4 Be6 15.
Qc2 Nb4 16. Rxd4 Nxc2 17. Rxd7 Rxd7 18. Nxc2 Bxc5 19. Bf4 Rhd8 20. b3 Rd1+ 21.
Rxd1 Rxd1+ 22. Nfe1 Nd5 23. e3 Bb4 24. Bxd5 Bxd5 25. Kf1 Bc3 26. Ke2 Rb1 27. Nd3
b6 28. Ncb4 Bxb4 29. Nxb4 Rb2+ 30. Ke1 Bf3 31. h3 a5 32. Na6 c5 33. Nc7 Rxa2 34.
Nd5 Bxd5 {White resigns} 0-1

[Event "Team 45 45 League T39"]
[Site "Internet Chess Club"]
[Date "2008.11.16"]
[Round "4"]
[White "oldsj"]
[Black "ShanghaiTom"]
[Result "0-1"]
[WhiteElo "1587"]
[BlackElo "1758"]
[Opening "Ruy Lopez: 5.O-O"]
[ECO "C78"]
[Time "09:07:31"]
[TimeControl "2700+45"]

1. e4 e5 2. Nf3 Nc6 3. Bb5 a6 4. Ba4 Nf6 5. O-O b5 6. Bb3 Bc5 7. Nxe5 Nxe5 8. d4
Bxd4 9. Qxd4 d6 10. c3 Bb7 11. Re1 O-O 12. Bg5 h6 13. Bh4 Re8 14. f3 Ng6 15. Bf2
Nd7 16. Nd2 Nde5 17. Nf1 Nf4 18. Bg3 Qf6 19. Bxf4 Qxf4 20. Ng3 Qf6 21. Nh5 Qg5
22. Ng3 h5 23. f4 Qxf4 24. Rf1 Qg4 25. Rf5 h4 26. Nh5 Bxe4 27. Bxf7+ Nxf7 28.
Nf6+ gxf6 29. Qf2 Bxf5 {White resigns} 0-1

[Event "Team 45 45 League T39"]
[Site "Internet Chess Club"]
[Date "2008.11.17"]
[Round "4"]
[White "clarinetref"]
[Black "sra66"]
[Result "1/2-1/2"]
[WhiteElo "1691"]
[BlackElo "1638"]
[Opening "English: symmetrical, Benoni formation"]
[ECO "A31"]
[Time "21:16:40"]
[TimeControl "2700+45"]

1. Nf3 c5 2. c4 Nf6 3. d4 cxd4 4. Nxd4 e5 5. Nc2 Bc5 6. e3 O-O 7. b4 Be7 8. g3
d5 9. cxd5 Qxd5 10. Qxd5 Nxd5 11. a3 Bg4 12. Bg2 Rd8 13. O-O f5 14. f3 Bh5 15.
e4 fxe4 16. fxe4 Nf6 17. Bg5 h6 18. Bxf6 Bxf6 19. Nc3 Rc8 20. Nd5 Rxc2 21. Nxf6+
gxf6 22. Rxf6 Rc6 23. Rf5 Bf7 24. Rxe5 Nd7 25. Re7 Rc7 26. Bh3 Rd8 27. Rd1 Be8
28. Be6+ Kf8 29. Rh7 Nf6 30. Rxd8 Rxh7 31. e5 Re7 32. exf6 Rxe6 33. Rb8 b6 34.
Rb7 a6 35. Rb8 Rxf6 36. Kg2 Kf7 37. Kh3 Bd7+ 38. Kh4 Kg6 39. Rg8+ Kf5 40. Rg4
Rg6 41. Rf4+ Ke5 42. Rc4 Kf5 43. Rf4+ Ke5 44. Rc4 {Game drawn by mutual
agreement} 1/2-1/2

[Event "Team 45 45 League T39"]
[Site "Internet Chess Club"]
[Date "2008.11.16"]
[Round "4"]
[White "Berkshires"]
[Black "whiterook"]
[Result "0-1"]
[WhiteElo "1433"]
[BlackElo "1610"]
[Opening "Caro-Kann: advance variation"]
[ECO "B12"]
[Time "19:00:46"]
[TimeControl "2700+45"]

1. e4 c6 2. d4 d5 3. e5 c5 4. c3 Nc6 5. Nf3 Bg4 6. Be2 e6 7. O-O cxd4 8. cxd4
Nge7 9. h3 Bxf3 10. Bxf3 Nf5 11. Be3 Be7 12. Qd2 Qb6 13. Rd1 Bb4 14. Nc3 Rc8 15.
a3 Bxc3 16. bxc3 Na5 17. Rab1 Qc7 18. Rdc1 Nc4 19. Qc2 O-O 20. Ra1 Nfxe3 21.
fxe3 Nxe3 22. Qb3 Nc4 23. Be2 Na5 24. Qc2 Nc4 25. Qd3 Qe7 26. a4 b6 27. Bd1 Rc7
28. Bc2 g6 29. Rf1 Qg5 30. Rae1 Qd2 31. Qe2 Qxc3 32. Rf4 Qd2 33. Rg4 Qxe2 34.
Rxe2 Na5 35. Rf4 Rfc8 36. Rff2 Rc4 37. Rd2 Nc6 38. Rf4 Nxe5 39. Rff2 Nc6 40. Rd1
Rxd4 41. Rdf1 Nd8 42. g4 Rdc4 43. Bd1 R8c7 44. h4 h6 45. h5 g5 46. Kg2 Nb7 47.
Rf6 Kg7 48. Be2 Rc2 49. R1f2 Rxe2 50. Rxe2 Kxf6 {White resigns} 0-1

[Event "Team 45 45 League T39"]
[Site "Internet Chess Club"]
[Date "2008.11.18"]
[Round "4"]
[White "Aquaman"]
[Black "beerss"]
[Result "1/2-1/2"]
[WhiteElo "1373"]
[BlackElo "1465"]
[Opening "Robatsch defense: two knights variation"]
[ECO "A40"]
[Time "15:06:48"]
[TimeControl "2700+45"]

1. d4 g6 2. e4 Bg7 3. Nc3 d6 4. Nf3 a6 5. Bd3 h6 6. O-O e6 7. Re1 Nd7 8. h3 Ne7
9. Be3 b6 10. Qd2 Bb7 11. Nh2 g5 12. Ne2 Ng6 13. c3 Qe7 14. a4 e5 15. d5 Nf6 16.
Ng3 Bc8 17. Be2 O-O 18. c4 Nf4 19. Bd1 Qd8 20. Bc2 Bd7 21. b3 N6h5 22. Nxh5 Nxh5
23. Bd1 Nf4 24. Bf3 f5 25. Qc2 Ng6 26. exf5 e4 27. Bxe4 Bxa1 28. Rxa1 Ne5 29.
Rf1 Rf6 30. f4 gxf4 31. Bxf4 Qe7 32. Bg3 Nf7 33. Bh4 Ng5 34. Bd3 Qe3+ 35. Kh1
Raf8 36. Ng4 Qd4 37. Nxf6+ Rxf6 38. Bf2 Qe5 39. Re1 Qf4 40. Be3 Qe5 41. Bd2 Qg3
42. Qc3 Nxh3 43. Qxf6 Nf2+ 44. Kg1 Nh3+ 45. Kh1 Nf2+ 46. Kg1 Nh3+ 47. Kh1 Nf2+
48. Kg1 {Game drawn by repetition} 1/2-1/2

[Event "Team 45 45 League T39"]
[Site "Internet Chess Club"]
[Date "2008.11.15"]
[Round "4"]
[White "Glassywoman"]
[Black "john-beebs"]
[Result "1-0"]
[WhiteElo "1502"]
[BlackElo "1480"]
[Opening "Two knights defense (Modern bishop's opening)"]
[ECO "C55"]
[Time "16:00:13"]
[TimeControl "2700+45"]

1. e4 e5 2. Bc4 Nc6 3. Nf3 Nf6 4. d3 d5 5. exd5 Nxd5 6. Ng5 Be7 7. Nxf7 Kxf7 8.
Qf3+ Bf6 9. Bxd5+ Ke8 10. Bxc6+ bxc6 11. Qxc6+ Bd7 12. Qe4 g6 13. Bh6 Rb8 14. b3
Qe7 15. O-O Bf5 16. Qa4+ Kf7 17. Na3 e4 18. Rae1 Rb4 19. Qxa7 Bd4 20. Qa5 Rbb8
21. Qd5+ Ke8 22. Qxd4 Kf7 23. Nc4 Rhd8 24. Qg7+ {Black resigns} 1-0

[Event "Team 45 45 League T39"]
[Site "Internet Chess Club"]
[Date "2008.11.17"]
[Round "4"]
[White "Mutaant"]
[Black "ticopatzer"]
[Result "1-0"]
[WhiteElo "1521"]
[BlackElo "1483"]
[Opening "King's pawn opening"]
[ECO "B07"]
[Time "20:00:16"]
[TimeControl "2700+45"]

1. e4 d6 2. Bc4 Nf6 3. d3 g6 4. h3 Bg7 5. Qf3 Nc6 6. Ne2 O-O 7. a3 Ne5 8. Qe3
Nxc4 9. dxc4 b6 10. Nbc3 Ba6 11. b3 Bb7 12. O-O Nxe4 13. Nxe4 Bxa1 14. c3 e6 15.
a4 Qh4 16. N4g3 d5 17. Ba3 Rfd8 18. Rxa1 dxc4 19. b4 Rd3 20. Qe5 Qe7 21. Re1
Rad8 22. Bc1 R8d5 23. Qf4 Rd1 24. Rxd1 Rxd1+ 25. Kh2 Bd5 26. Qh6 f5 27. Bg5 Qg7
28. Qh4 Ra1 29. Bf6 Qf7 30. Be5 Rxa4 31. Nd4 a5 32. b5 Ra3 33. Nge2 Ra2 34. Qd8+
Qf8 35. Qxc7 a4 36. Qxb6 a3 37. Bd6 Qa8 38. Nf4 Rxf2 39. Ndxe6 Bxe6 40. Qc7 a2
41. Be5 Bf7 42. b6 a1=Q 43. b7 Q1a7 44. bxa8=Q+ Qxa8 45. Bd4 Rc2 46. Qe5 {Black
forfeits on time} 1-0

[Event "Team 45 45 League T39"]
[Site "Internet Chess Club"]
[Date "2008.11.18"]
[Round "4"]
[White "Kalar-Yadwa"]
[Black "moreffee"]
[Result "1-0"]
[WhiteElo "1345"]
[BlackElo "1362"]
[Opening "Budapest: Fajarowicz variation"]
[ECO "A51"]
[Time "13:00:32"]
[TimeControl "2700+45"]

1. d4 Nf6 2. c4 e5 3. dxe5 Ne4 4. Nd2 Nc5 5. Ngf3 Nc6 6. g3 d6 7. exd6 Bxd6 8.
Bg2 O-O 9. O-O Qf6 10. Nb3 Be6 11. Bg5 Qxb2 12. Nxc5 Bxc5 13. Qd2 Qxd2 14. Nxd2
Bb4 15. Rfc1 Bxd2 16. Bxd2 Nd4 17. Kf1 c6 18. Rab1 Rad8 19. Be3 Nf5 20. Bxa7
Rfe8 21. Bb6 Rd7 22. a4 Ne7 23. a5 Nc8 24. Bc5 Nd6 25. a6 bxa6 26. Bxc6 Rc8 27.
Bxd7 Bxd7 28. Bxd6 h6 29. c5 Bh3+ 30. Ke1 Bd7 31. Rb6 a5 32. c6 Ra8 33. cxd7 a4
34. Rb8+ Rxb8 35. Bxb8 a3 36. d8=Q+ Kh7 37. Ra1 {Black resigns} 1-0